 Dungeon Crawl Stone Soup version 0.30-a0-371-gad7725a93e (webtiles) character file.

Game seed: 12723926647913954970

4 qeuew the Grave Robber (level 1, 0/13 HPs)
             Began as a Demonspawn Necromancer on Nov 23, 2022.
             Slain by a kobold
             ... wielding a +0 short sword
              (3 damage)
             ... on level 1 of the Dungeon.
             The game lasted 00:00:32 (153 turns).

qeuew the Grave Robber (Demonspawn Necromancer)      Turns: 153, Time: 00:00:32

Health: 0/13       AC:  2    Str:  8    XL:     1   Next: 50%
Magic:  0/3        EV: 12    Int: 16    God:
Gold:   0          SH:  0    Dex: 13    Spells: 3/4 levels left

rFire   . . .      SeeInvis .    (no weapon)
rCold   . . .      Faith    .    (no shield)
rNeg    . . .      Spirit   .    a - +0 robe
rPois   .          Reflect  .    (no helmet)
rElec   .          Harm     .    (no cloak)
rCorr   .          Rampage  .    (no gloves)
Will    .....                    (no boots)
Stlth   ++........               (no amulet)
HPRegen 0.22/turn                (no ring)
MPRegen 0.08/turn                (no ring)

@: no status effects
A: no striking features
a: no special abilities


You were on level 1 of the Dungeon.
You visited 1 branch of the dungeon, and saw 1 of its levels.

Inventory:

Armour
 a - a +0 robe (worn)
Potions
 b - a potion of magic


   Skills:
 + Level 0.1 Armour
 + Level 1.8 Dodging
 + Level 1.9 Stealth
 * Level 2.1 Spellcasting
 + Level 4.4 Necromancy


You had 3 spell levels left.
You knew the following spells:

 Your Spells              Type           Power      Damage    Failure   Level
a - Necrotise             Necr           60%        1d7       3%          1

Your spell library contained the following spells:

 Spells                   Type           Power      Damage    Failure   Level
 Vampiric Draining        Necr           15%        2d7       10%         3
 Animate Dead             Necr           15%        N/A       32%         4
 Agony                    Necr           15%        N/A       67%         5


Dungeon Overview and Level Annotations

Branches:
Dungeon (1/15)

Altars:


Message History

The ball python bites you but does no damage.
The ball python constricts you. The ball python bites you.
* * * LOW HITPOINT WARNING * * *
The ball python constricts you.
You escape the ball python's grasp.
You swap places.
Your magical contamination has completely faded away.
The ball python bites your kobold skeleton.
The ball python grabs your kobold skeleton.
The ball python constricts your kobold skeleton.
Your kobold skeleton barely misses the ball python.
The ball python bites your kobold skeleton.
The ball python constricts your kobold skeleton.
Your kobold skeleton is destroyed!
Aiming: Necrotise (safe; 3% risk of failure)
Press: ? - help, Q - select action Shift-Dir - straight line, f/p - ball python
Aim: a ball python (heavily wounded, chance to affect: 85%)
The ball python writhes in agony.
You kill the ball python!
The dead are slithering!
You swap places.
Your ball python skeleton barely misses the kobold.
Your ball python skeleton closely misses the kobold.
The kobold hits your ball python skeleton with a +0 short sword.
Your ball python skeleton misses the kobold.
Your ball python skeleton barely misses the kobold.
The kobold hits your ball python skeleton with a +0 short sword.
Your ball python skeleton bites the kobold but does no damage.
Your ball python skeleton grabs the kobold.
Your ball python skeleton constricts the kobold.
The kobold barely misses your ball python skeleton.
Your ball python skeleton bites the kobold.
Your ball python skeleton constricts the kobold.
The kobold hits your ball python skeleton with a +0 short sword.
Your ball python skeleton is destroyed!
The kobold attacks as you move away! The kobold barely misses you.
A bat comes into view.
The bat moves out of view.
The kobold attacks as you move away!
The kobold hits you with a +0 short sword.
You die...

##.## #..... #...#
#.... #...# ..)
#...# #.# #...# #.#
#####...#######.#
.............#.#.#
..............###..
............@K#.#
##.#
.#####..>#######.#
# #...# ## #[..#
#...# ....# ###


You could see a kobold.

Vanquished Creatures
  A ball python (D:1)
  A hobgoblin (D:1)
  A kobold (D:1)
3 creatures vanquished.

Notes
Turn   | Place    | Note
-------+----------+-------------------------------------------
     0 | D:1      | qeuew the Demonspawn Necromancer began the quest for the
                  | Orb.
     0 | D:1      | Reached XP level 1. HP: 13/13 MP: 3/3
   153 | D:1      | Slain by a kobold

Illustrated notes

Levels and vault maps discovered:
D:1:      saegor_arrival_simple_a, layout_loops_cross,
          shapermc_ecumenical_altar_flowoftime, minmay_misc_feat_five,
          bh_walls_and_bars

Action                   || total
-------------------------++-------
Melee: Unarmed           ||     6
 Cast: Necrotise         ||     5
Armor: Robe              ||     4
Dodge: Dodged            ||     5

Table legend: (Time is in decaauts)
 A = Elapsed time spent in this place.
 B = Non-inter-level travel time spent in this place.
 C = Inter-level travel time spent in this place.
 D = Time resting spent in this place.
 E = Time spent auto-exploring this place.
 F = Levels seen in this place.
 G = Mean time per level.
                   A        B        C        D        E       F      G
               +--------+--------+--------+--------+--------+-----+--------+
         Total |    153 |    153 |      0 |      0 |    121 |   1 |  153.0 |
       Dungeon |    153 |    153 |      0 |      0 |    121 |   1 |  153.0 |
               +--------+--------+--------+--------+--------+-----+--------+

Top non-repeatable levels by time:
     D:1: 153 daAuts
